 Dungeon Crawl Stone Soup version 0.28.0 (webtiles) character file.

Game seed: 15035120809560697608

3 Hasart the Insei (level 1, 0/13 HPs)
             Began as an Octopode Transmuter on Feb 19, 2022.
             Slain by a goblin (3 damage)
             ... on level 1 of the Dungeon.
             The game lasted 00:00:09 (179 turns).

Hasart the Insei (Octopode Transmuter)               Turns: 179, Time: 00:00:10

Health: 0/13       AC:  1    Str:  9    XL:     1   Next: 50%
Magic:  3/3        EV: 13    Int: 15    God:
Gold:   11         SH:  0    Dex: 12    Spells: 3/4 levels left

rFire   . . .      SeeInvis .     - Unarmed
rCold   . . .      Faith    .   (no shield)
rNeg    . . .      Spirit   .   (helmet restricted)
rPois   .          Reflect  .   (no amulet)
rElec   .          Harm     .   (no ring)
rCorr   .          Rampage  .   (no ring)
Will    .....                   (no ring)
Stlth   ++........              (no ring)
HPRegen 0.04/turn               (no ring)
MPRegen 0.08/turn               (no ring)
                                (no ring)
                                (no ring)

@: no status effects
A: almost no armour, amphibious, 8 rings, camouflage 1, gelatinous body 1,
(nimble swimmer 1), tentacles
a: no special abilities


You were on level 1 of the Dungeon.
You visited 1 branch of the dungeon, and saw 1 of its levels.

You collected 11 gold pieces.

Inventory:

Scrolls
 a - a scroll of noise {unknown}
 b - a scroll of silence {unknown}
 d - a scroll of identify {unknown}
Potions
 c - a potion of magic {unknown}


   Skills:
 + Level 1.0 Fighting
 + Level 2.0 Dodging
 * Level 3.0 Unarmed Combat
 + Level 2.0 Spellcasting
 + Level 2.0 Transmutations


You had 3 spell levels left.
You knew the following spells:

 Your Spells              Type           Power      Damage    Failure   Level
a - Beastly Appendage     Tmut           14%        N/A       10%         1

Your spell library contained the following spells:

 Spells                   Type           Power      Damage    Failure   Level
 Wereblood                Tmut           7%         N/A       14%         2
 Spider Form              Tmut/Pois      4%         N/A       41%         3
 Ice Form                 Ice/Tmut       4%         N/A       82%         4


Dungeon Overview and Level Annotations

Branches:
Dungeon (1/15)

Altars:


Innate Abilities, Weirdness & Mutations

You cannot wear most types of armour.
You are amphibious.
You can wear up to eight rings at the same time.
Your skin changes colour to match your surroundings (Stealth+).
Your rubbery body absorbs attacks. (AC +1, EV +1)
((You are camouflaged when in or above water. (Stealth+)))
You have tentacles for arms and can constrict up to eight enemies at once.


Message History

You constrict the rat.
You kill the rat!
No target in view!
No target in view!
HP restored.
You see here a rat corpse.
You now have 11 gold pieces.
Found a faded altar of an unknown god.
b - a scroll labelled YKENIF RI YSI
c - a coppery potion
Found 10 bolts.
Found a stone staircase leading down.
There is a faded altar of an unknown god here.
A giant cockroach comes into view.
Found a scroll labelled WOAPLI MEIJEN.
Found a scroll labelled CYKHLU KEQO.
You see here a scroll labelled WOAPLI MEIJEN.
The helpless giant cockroach fails to defend itself.
You tentacle-slap the giant cockroach. Your grab misses the giant cockroach.
You squeeze the giant cockroach.
You kill the giant cockroach!
No target in view!
No target in view!
d - a scroll labelled WOAPLI MEIJEN A goblin comes into view.
It is wielding a +0 dagger.
A goblin is nearby!
The goblin hits you with a +0 dagger.
You closely miss the goblin. Your grab misses the goblin.
You squeeze the goblin, but do no damage.
The goblin hits you with a +0 dagger.
You closely miss the goblin. Your grab misses the goblin.
The goblin hits you with a +0 dagger.
You are too injured to fight recklessly!
You are too injured to fight recklessly!
You tentacle-slap the goblin but do no damage.
Your grab misses the goblin. The goblin hits you with a +0 dagger.
* * * LOW HITPOINT WARNING * * *
You tentacle-slap the goblin. You grab the goblin.
The goblin is moderately wounded.
You constrict the goblin. The goblin hits you with a +0 dagger.
You die...

#. ...# #......#
#......## .####
........
.....######.##.###
#..?...........#.#
#...g?.........#.#.#
#....@.............#
#..............#.###
#..............#...
#..................#
#..................#
##########..........
#..........
#..........
#.......###


You could see a goblin.

Vanquished Creatures
  A giant cockroach (D:1)
  A kobold (D:1)
  A rat (D:1)
3 creatures vanquished.

Notes
Turn   | Place    | Note
-------+----------+-------------------------------------------
     0 | D:1      | Hasart the Octopode Transmuter began the quest for the Orb.
     0 | D:1      | Reached XP level 1. HP: 13/13 MP: 3/3
   135 | D:1      | Found a faded altar of an unknown god.
   179 | D:1      | Slain by a goblin

Illustrated notes

Levels and vault maps discovered:
D:1:      giann_bridges, layout_basic, basic_ecumenical_altar

Action                   || total
-------------------------++-------
Melee: Unarmed           ||     9
       Constrict         ||     2
       Tentacles         ||     2
 Stab: Sleeping          ||     1
Dodge: Dodged            ||     1
